 Dungeon Sprint DCSS version 0.23-a0-635-g88ca12a (webtiles) character file.

4167 Lanoc the Unseen (level 10, -7/44 HPs)
             Began as a Spriggan Enchanter on Dec 27, 2018.
             Was the Champion of Dithmenos.
             Mangled by a vampire knight (10 damage)
             ... while paralysed by a vampire knight
             ... in the Dungeon (Sprint VII: "The Pits").
             The game lasted 00:07:44 (1224 turns).

Lanoc the Unseen (Spriggan Enchanter)               Turns: 1224, Time: 00:07:45

Health: -7/44      AC:  3    Str:  4    XL:     10   Next: 7%
Magic:  20/25      EV:  4    Int: 20    God:    Dithmenos [******]
Gold:   0          SH:  0    Dex: 23    Spells: 23/29 levels left

rFire    . . .     SeeInvis +   o - +1 dagger (elec)
rCold    . . .     Gourm    .   (shield restricted)
rNeg     . . .     Faith    .   b - +0 robe
rPois    .         Spirit   .   (helmet restricted)
rElec    .         Reflect  .   t - +0 cloak
rCorr    .         Harm     .   (gloves unavailable)
MR       +....     NoTele   +   (boots unavailable)
Stlth    ++++++++++             (no amulet)
HPRegen  0.14/turn              k - +3 ring of intelligence
MPRegen  0.19/turn              q - +3 ring of dexterity

@: paralysed, wreathed by umbra, very quick
A: very small, unfitting armour, see invisible, herbivore, speed 3, slow
metabolism 2
a: Shadow Step, Shadow Form, Renounce Religion


You were in the Dungeon.
You worshipped Dithmenos.
Dithmenos was exalted by your worship.
You were not hungry.

You visited 1 branch

Inventory:

Hand Weapons
 c - a +6 scimitar
 o - a +1 dagger of electrocution (weapon)
 r - the +2 scimitar "Earthworm" {freeze, Str+3}
   (You found it in the Dungeon)

   It has been specially enchanted to freeze those struck by it, causing extra
   injury to most foes and up to half again as much damage against particularly
   susceptible opponents.
   It can also slow down cold-blooded creatures.
   It affects your strength (+3).
 s - a +2 rapier of distortion
Armour
 b - a +0 robe (worn)
 t - a +0 cloak (worn)
Jewellery
 k - a +3 ring of intelligence (left hand)
 q - a +3 ring of dexterity (right hand)
Scrolls
 j - a scroll of blinking
 l - 3 scrolls of remove curse
 m - 5 scrolls of amnesia
 n - a scroll of summoning
Potions
 a - 2 potions of invisibility
 e - 6 potions of curing
 f - 14 potions of heal wounds
 g - 2 potions of haste
 h - 4 potions of magic
 i - 3 potions of berserk rage
 p - 2 potions of mutation
Comestibles
 d - 9 rations


   Skills:
 * Level 12.8 Short Blades
 + Level 12.0 Dodging
 * Level 17.5 Stealth
 + Level 10.3 Spellcasting
 * Level 14.2 Hexes


You had 23 spell levels left.
You knew the following spells:

 Your Spells              Type           Power        Failure   Level  Hunger
a - Corona                Hex            ######.      1%          1    None
b - Tukima's Dance        Hex            ######..     1%          3    None
c - Ensorcelled Hibernat  Hex/Ice        #####.       1%          2    None

Your spell library contained the following spells:

 Spells                   Type           Power        Failure   Level  Hunger
 Confuse                  Hex            ######..     1%          3    None
 Dazzling Spray           Conj/Hex       #####.       1%          3    None


Dungeon Overview and Level Annotations

Branches:
Dungeon (1/1)

Altars:
Ashenzari
Cheibriados
Dithmenos
Elyvilon
Fedhas
Gozag
Hepliaklqana
Kikubaaqudgha
Makhleb
Nemelex Xobeh
Okawaru
Qazlal
Ru
Sif Muna
Trog
Uskayaw
Vehumet
Wu Jian
Xom
Yredelemnul
Zin
The Shining One
Beogh
Jiyva
Lugonu

Annotations:
D Joseph


Innate Abilities, Weirdness & Mutations

You are very small and have problems with some larger weapons.
You are too small for most types of armour.
You have supernaturally acute eyesight. (SInv)
You are a herbivore.
You cover ground extremely quickly.
You need to consume almost no food.


Message History

There's a creature in the doorway!
You open the door.
A tarantella and 2 orcs come into view.
The dream sheep completely misses you.
The vampire knight casts a spell at you.
You suddenly lose the ability to move!
Joseph unwields a +0 quarterstaff.
Joseph wields a +0 hunting sling.
Joseph shoots a sling bullet.
The sling bullet hits you!!
* * * LOW HITPOINT WARNING * * *
You emit a cloud of dark smoke.
The vampire knight gestures at you while chanting.
You easily resist.
You hear a bleat!
You hear a shout!
The vampire knight blinks!
You hear an angry hiss.
You hear a shout!
The vampire knight hits you!
* * * LOW HITPOINT WARNING * * *
The vampire knight bites you!
You die...

.#))#####'#####''######
##))##.......##''# ####
.#))##.......##..## ##..'
.#[[##.......##...## ##..#
.#'###...<...###...##+##..##
...†##.......# ##..(...V...##
....##.......###..###+###...# #
######.......##V.##..@§@##..#...#
.#..###########.@§...§§§§@YY'9..+
.#[############§Y##.YY§§##..#...#
.#)#....#...[###..###§###9..# '##
.#)#....#..[[# ##...Y.Y.w..## .#
.#.'....'..))###...##'##..## +
.#'#....#....##÷..## oo##..#
.'.#....#..))##.÷## .s###..'
################## ### ###


You could see a vampire knight (invisible), Joseph and 3 dream sheep.

Vanquished Creatures
  A death knight (D)
  A two-headed ogre (D)
  A death yak (D)
  A sun demon (D)
  A manticore (D)
  A demonic crawler (D)
  Prince Ribbit (D)
  A dream sheep (D)
  Sigmund (D)
  A floating eye (D)
  A centaur (D)
  A gnoll sergeant (D)
  A wight (D)
  A crimson imp (D)
  An iron imp (D)
  A jelly (D)
  An orc wizard (D)
  A worker ant (D)
  An iguana (D)
  A hell rat (D)
  A mummy (D)
  3 gnolls (D)
  An adder (D)
  3 ufetubi (D)
  A leopard gecko (D)
  4 orcs (D)
  A giant cockroach (D)
  A goblin (D)
  A quokka (D)
  3 frilled lizards (D)
39 creatures vanquished.

Vanquished Creatures (collateral kills)
  2 wights (D)
  A leopard gecko (D)
3 creatures vanquished.

Vanquished Creatures (others)
  A dancing weapon (D)
1 creature vanquished.

Grand Total: 43 creatures vanquished

Notes
Turn   | Place    | Note
-------+----------+-------------------------------------------
     0 | D        | Lanoc the Spriggan Enchanter began the quest for the Orb.
     0 | D        | Reached XP level 1. HP: 9/9 MP: 5/5
    12 | D        | Reached skill level 5 in Stealth
    12 | D        | Reached XP level 2. HP: 13/13 MP: 7/7
    40 | D        | Found a glowing golden altar of the Shining One.
    40 | D        | Found a glowing silver altar of Zin.
    40 | D        | Found a basalt altar of Yredelemnul.
    40 | D        | Found a shimmering altar of Xom.
    40 | D        | Found an ornate altar of the Wu Jian Council.
    40 | D        | Found a bloodstained altar of Trog.
    40 | D        | Found a deep blue altar of Sif Muna.
    40 | D        | Found a sacrificial altar of Ru.
    40 | D        | Found a stormy altar of Qazlal.
    40 | D        | Found an iron altar of Okawaru.
    40 | D        | Found a sparkling altar of Nemelex Xobeh.
    40 | D        | Found a burning altar of Makhleb.
    40 | D        | Found a viscous altar of Jiyva.
    40 | D        | Found a hazy altar of Hepliaklqana.
    40 | D        | Found an opulent altar of Gozag.
    40 | D        | Found a blossoming altar of Fedhas.
    40 | D        | Found a white marble altar of Elyvilon.
    40 | D        | Found a shadowy altar of Dithmenos.
    40 | D        | Found a snail-covered altar of Cheibriados.
    41 | D        | Found a radiant altar of Vehumet.
    41 | D        | Found a corrupted altar of Lugonu.
    41 | D        | Found a roughly hewn altar of Beogh.
    42 | D        | Found an ancient bone altar of Kikubaaqudgha.
    42 | D        | Found a hide-covered altar of Uskayaw.
    42 | D        | Found a shattered altar of Ashenzari.
    47 | D        | Became a worshipper of Dithmenos the Shadowed
    59 | D        | Noticed a floating eye
    62 | D        | Killed a floating eye
    62 | D        | Reached skill level 5 in Short Blades
    62 | D        | Reached skill level 5 in Dodging
    62 | D        | Reached skill level 8 in Stealth
    62 | D        | Reached XP level 3. HP: 16/16 MP: 8/10
    62 | D        | Reached XP level 4. HP: 21/21 MP: 8/11
    66 | D        | Reached * piety under Dithmenos
    99 | D        | Reached ** piety under Dithmenos
   104 | D        | Reached skill level 9 in Stealth
   104 | D        | Reached skill level 5 in Spellcasting
   104 | D        | Reached XP level 5. HP: 24/24 MP: 11/13
   160 | D        | Learned a level 3 spell: Tukima's Dance
   163 | D        | Learned a level 2 spell: Ensorcelled Hibernation
   179 | D        | Noticed Sigmund
   217 | D        | Reached *** piety under Dithmenos
   247 | D        | Reached **** piety under Dithmenos
   247 | D        | Reached skill level 10 in Stealth
   273 | D        | Killed Sigmund
   273 | D        | Reached skill level 11 in Stealth
   273 | D        | Reached XP level 6. HP: 9/28 MP: 2/16
   374 | D        | Reached ***** piety under Dithmenos
   580 | D        | Reached skill level 12 in Stealth
   640 | D        | Noticed Prince Ribbit
   642 | D        | Killed Prince Ribbit
   642 | D        | Reached skill level 10 in Hexes
   642 | D        | Reached XP level 7. HP: 32/32 MP: 16/18
   643 | D        | Noticed a two-headed ogre
   654 | D        | Killed a two-headed ogre
   654 | D        | Reached skill level 10 in Short Blades
   654 | D        | Reached skill level 14 in Stealth
   654 | D        | Reached XP level 8. HP: 36/36 MP: 9/21
   682 | D        | Noticed a sun demon
   683 | D        | Noticed a death yak
   688 | D        | Killed a sun demon
   688 | D        | Reached ****** piety under Dithmenos
   688 | D        | Reached skill level 10 in Dodging
   688 | D        | Reached skill level 15 in Stealth
   688 | D        | Reached XP level 9. HP: 39/39 MP: 10/22
   691 | D        | Killed a death yak
   691 | D        | Reached skill level 16 in Stealth
   789 | D        | Got the +2 scimitar "Earthworm" {freeze, Str+3}
   858 | D        | Noticed a demonic crawler
   866 | D        | Killed a demonic crawler
   926 | D        | Noticed a manticore
   932 | D        | Killed a manticore
  1117 | D        | Noticed a vampire knight
  1117 | D        | Noticed a death knight
  1131 | D        | Killed a death knight
  1131 | D        | Reached skill level 17 in Stealth
  1131 | D        | Reached skill level 10 in Spellcasting
  1131 | D        | Reached XP level 10. HP: 44/44 MP: 19/25
  1190 | D        | Noticed Joseph
  1206 | D        | Noticed a molten gargoyle
  1221 | D        | Paralysed by a vampire knight for 5 turns
  1224 | D        | Mangled by a vampire knight

Vault maps used:
D:        pitsprint

Skill      XL: |  1  2  3  4  5  6  7  8  9 |
---------------+----------------------------+-----
Short Blades   | 2 5 7 9 10 11 12 | 12.8
Stealth        | 5 8 9 11 12 14 15 17 | 17.5
Spellcasting   | 3 4 5 6 7 8 10 | 10.3
Hexes          | 4 6 7 9 10 11 12 14 | 14.2
Dodging        | 5 6 7 8 9 10 12 | 12.0

Action                   |  1- 3 |  4- 6 |  7- 9 | 10-12 || total
-------------------------+-------+-------+-------+-------++-------
Melee: Dagger            |     2 |    63 |    62 |     6 ||   133
 Cast: Ensorcelled Hiber |       |     7 |     3 |     1 ||    11
       Tukima's Dance    |       |     1 |     3 |     3 ||     7
  Use: Potion            |       |     1 |       |       ||     1
 Stab: Sleeping          |     2 |     8 |    13 |     1 ||    24
Dodge: Dodged            |       |    56 |    17 |    12 ||    85

Table legend:
 A = Non-vault XP
 B = Vault XP
 C = Vault XP percentage of total XP
 D = Non-vault monster count
 E = Vault monster count
 F = Vault count percentage of total count
                 A         B        C        D         E       F
            +---------+---------+-------+---------+---------+-------
      Total |       0 |    5953 | 100.0 |       0 |      42 | 100.0
            +---------+---------+-------+---------+---------+-------
          D |       0 |    5953 | 100.0 |       0 |      42 | 100.0
            +---------+---------+-------+---------+---------+-------
